 Dungeon Crawl Stone Soup version 0.19-a0-1170-g18f0c96 (webtiles) character file.

2130 jacquesderrida the Fighter (level 9, 7/60 HPs)
             Began as a Kobold Monk on Aug 17, 2016.
             Was a Believer of Ashenzari.
             Quit the game on level 9 of the Dungeon.
             The game lasted 00:23:54 (2853 turns).

jacquesderrida the Fighter (Kobold Monk)            Turns: 2853, Time: 00:23:54

Health: 7/60       AC:  6    Str: 11    XL:     9   Next: 55%
Magic:  9/9        EV: 23    Int: 10    God:    Ashenzari [**....]
Gold:   215        SH:  0    Dex: 18    Spells: 0 memorised, 8 levels left

rFire  . . .     SeeInvis .       - Unarmed
rCold  + . .     Gourm    .     o - +0 leather armour
rNeg   . . .     Faith    .     (shield restricted)
rPois  .         Spirit   .     x - +1 helmet
rElec  +         Dismiss  .     w - +0 cloak "Hatoithuu" {rElec MR+} (curse)
rCorr  .         Reflect  .     (no gloves)
MR     ++...     Harm     .     (no boots)
Stlth  ++........               (no amulet)
                                t - ring of protection from cold
                                c - +4 ring of evasion (curse)

@: drained
A: carnivore 3, magic resistance 1
a: Curse Item, Scrying, Renounce Religion


You were on level 9 of the Dungeon.
You worshipped Ashenzari.
Ashenzari was pleased with you.
You were completely stuffed.

You visited 1 branch of the dungeon, and saw 10 of its levels.

You collected 215 gold pieces.

Inventory:

Missiles
 u - a poisoned tomahawk (quivered)
Armour
 a - a +0 robe
 o - a +0 leather armour (worn)
 w - the cursed +0 cloak "Hatoithuu" (worn) {rElec MR+}
   (You found it on level 4 of the Dungeon)

   It insulates you from electricity.
   It affects your resistance to hostile enchantments.
   It has a curse placed upon it.
 x - a +1 helmet (worn)
Jewellery
 c - a cursed +4 ring of evasion (left hand)
 t - a ring of protection from cold (right hand)
Wands
 y - a wand of paralysis (2/24)
Scrolls
 d - 2 scrolls of blinking
 e - 2 scrolls of random uselessness {unknown}
 h - 3 scrolls of remove curse
 l - 3 scrolls of teleportation
 v - a scroll of enchant armour
Potions
 g - a potion of mutation
 i - a potion of agility
 m - a potion of cure mutation
 n - 2 potions of heal wounds
 r - 2 potions of curing
 z - a potion of might
Comestibles
 b - 3 meat rations
 f - 2 slices of pizza
 j - 3 beef jerkies
 k - a royal jelly
 p - 2 chunks of flesh


   Skills:
 + Level 8.6(7.3) Fighting
 + Level 7.9(6.7) Dodging
 - Level 2.6(1.6) Stealth
 + Level 8.2(6.9) Unarmed Combat


You had 8 spell levels left.
You didn't know any spells.

Dungeon Overview and Level Annotations

Branches:
Dungeon (10/15)            Temple (0/1) D:7
   Lair: D:8-11         Orc: D:9-12

Altars:
Ashenzari
Elyvilon
Gozag
Zin

Shops:
D:5 [

Annotations:
D:5 Yermak's ghost, amateur DgWn


Innate Abilities, Weirdness & Mutations

You are small and have problems with some larger weapons.
You are carnivorous and can eat meat at any time.
You are resistant to hostile enchantments. (MR+)


Message History

The wight closely misses you.
You barely miss the wight.
The wight is almost destroyed.
The wight hits you with a dagger of freezing!
* * * LOW HITPOINT WARNING * * *
The wight freezes you.
* * * LOW HITPOINT WARNING * * *
Unknown command.
You barely miss the wight.
The wight is almost destroyed.
The wight misses you.
The wight hits you with a dagger of freezing.
* * * LOW HITPOINT WARNING * * *
You feel drained.
Unknown command.
You hit the wight but do no damage.
The wight is almost destroyed.
The wight completely misses you. The wight closely misses you.
Unknown command.
Are you sure you want to abandon this character and quit the game? (Confirm with "yes".)

#..# #..#.....#..... #..#
#..#.....#..... #..#####
#..#.....#.....
####......#######..#.....#.....
#...................#######.....
#...............................
#......................)........
#.............z..........#######
#.............z@......$..# .....
######........)########### .....
#.........# , ,, ,, .....
#.........# , ,, .....
#.........#, , , .....
#######.........#, , , .....
..........†.....# , , .....
...........######,, , .....
...........# , .....


You could see 2 wights.

Vanquished Creatures
  2 wyverns
  An ice beast (D:9)
  3 sky beasts
  A black bear (D:9)
  2 wasps (D:9)
  A phantom (D:9)
  2 centaurs
  5 giant frogs
  A gnoll sergeant (D:8)
  A scorpion (D:8)
  A wight (D:9)
  A crimson imp (D:8)
  A centaur zombie (D:7)
  2 hounds
  A centaur skeleton (D:9)
  2 orc priests
  3 iguanas
  A worker ant (D:10)
  A hound zombie (D:6)
  A worker ant zombie (D:5)
  6 gnolls
  4 adders
  A shadow imp (D:8)
  A worm (D:2)
  An adder skeleton (D:4)
  2 dart slugs
  3 giant geckos
  9 orcs
  3 ball pythons
  7 giant cockroaches
  A goblin (D:1)
  7 hobgoblins
  4 kobolds
  A quokka (D:4)
  5 bats
  A giant newt (D:4)
  5 rats
94 creatures vanquished.

Notes
Turn   | Place    | Note
-------+----------+-------------------------------------------
     0 | D:1      | jacquesderrida the Kobold Monk began the quest for the Orb.
     0 | D:1      | Reached XP level 1. HP: 14/14 MP: 1/1
   170 | D:1      | Reached XP level 2. HP: 19/19 MP: 2/2
   415 | D:2      | Reached XP level 3. HP: 24/24 MP: 3/3
   712 | D:2      | Reached XP level 4. HP: 26/29 MP: 4/4
   765 | D:2      | Found an opulent altar of Gozag.
   956 | D:4      | Found a white marble altar of Elyvilon.
  1071 | D:4      | Gained mutation: Your flesh is cold resistant. (rC+) [potion of mutation]
  1071 | D:4      | Gained mutation: You are clumsy. (Dex -2) [potion of mutation]
  1071 | D:4      | Gained mutation: You have sharp fingernails. [potion of mutation]
  1164 | D:4      | Reached XP level 5. HP: 16/34 MP: 5/5
  1173 | D:4      | Got a transparent cloak
  1179 | D:4      | Identified the cursed +0 cloak "Hatoithuu" {rElec MR+} (You found it on level 4 of the Dungeon)
  1341 | D:5      | Entered Level 5 of the Dungeon
  1344 | D:5      | Noticed a sky beast
  1350 | D:5      | Killed a sky beast
  1350 | D:5      | Reached skill level 5 in Fighting
  1350 | D:5      | Reached skill level 5 in Unarmed Combat
  1350 | D:5      | Reached XP level 6. HP: 39/40 MP: 6/6
  1387 | D:5      | Noticed Yermak's ghost (amateur DgWn)
  1587 | D:6      | Found a shattered altar of Ashenzari.
  1597 | D:6      | Became a worshipper of Ashenzari the Shackled
  1597 | D:6      | Reached * piety under Ashenzari
  1597 | D:6      | Reached ** piety under Ashenzari
  1615 | D:6      | Reached XP level 7. HP: 33/45 MP: 7/7
  1795 | D:5      | Found Ahudum's Armour Shop.
  2000 | D:7      | Found a staircase to the Ecumenical Temple.
  2059 | D:7      | Reached skill level 5 in Dodging
  2114 | D:8      | Reached XP level 8. HP: 44/52 MP: 8/8
  2198 | D:8      | Noticed a wyvern
  2204 | D:8      | Killed a wyvern
  2384 | D:9      | Reached XP level 9. HP: 47/58 MP: 9/9
  2509 | D:9      | Gained mutation: You have large cloven feet. [mutagenic meat]
  2512 | D:9      | Gained mutation: Your body sometimes deteriorates upon taking damage. [mutagenic meat]
  2523 | D:9      | Lost mutation: Your flesh is cold resistant. (rC+) [mutagenic meat]
  2530 | D:9      | Gained mutation: Your mind is acute. (Int +2) [mutagenic meat]
  2533 | D:9      | Gained mutation: You are resistant to hostile enchantments. (MR+) [mutagenic meat]
  2533 | D:9      | Lost mutation: Your body sometimes deteriorates upon taking damage. [potion of cure mutation]
  2533 | D:9      | Lost mutation: You are clumsy. (Dex -2) [potion of cure mutation]
  2533 | D:9      | Lost mutation: You have large cloven feet. [potion of cure mutation]
  2533 | D:9      | Lost mutation: You have sharp fingernails. [potion of cure mutation]
  2533 | D:9      | Lost mutation: Your mind is acute. (Int +2) [potion of cure mutation]
  2564 | D:10     | Entered Level 10 of the Dungeon
  2564 | D:10     | Noticed a hill giant
  2708 | D:9      | Found a glowing silver altar of Zin.
  2853 | D:9      | Quit the game

Vault maps used:
D:1:      matt_arrival_diagonals
D:2:      nicolae_overflow_hidden_temple
D:3:      uniq_grinder
D:4:      lemuel_crystal_altar, first_bread
D:5:      serial_shops, kennysheep_little_box, mrwooster_statue_mirror,
          minivault_5, roderic_hopi_sauvastika, uniq_prince_ribbit1
D:6:      evilmike_ruin_ashenzari
D:7:      minitemple, kennysheep_nondescript
D:8:      david_lair_shrubbed, uniq_psyche
D:9:      lemuel_round_altar
D:10:     hangedman_ranch

Skill      XL: |  1  2  3  4  5  6  7  8  9 |
---------------+----------------------------+-----
Fighting       | 4 5 6 7 8 |  8.6
Unarmed Combat | 4 5 6 7 8 |  8.2
Dodging        | 4 5 6 7 |  7.9
Stealth        | |  2.6

Action                   |  1- 3 |  4- 6 |  7- 9 || total
-------------------------+-------+-------+-------++-------
Melee: Unarmed           |   128 |    82 |   182 ||   392
       Punch             |     1 |     3 |     7 ||    11
Throw: Tomahawk          |       |    21 |    23 ||    44
       Throwing net      |       |       |     1 ||     1
Invok: Curse Item        |       |     1 |       ||     1
Evoke: Wand              |       |       |     3 ||     3
  Use: Potion            |       |     3 |     3 ||     6
       Scroll            |       |     1 |    11 ||    12
 Stab: Sleeping          |     5 |     3 |     1 ||     9
       Paralysed         |       |       |     9 ||     9
       Held in net/web   |       |       |     2 ||     2
  Eat: Chunk             |       |     6 |    14 ||    20
Armor: Robe              |    13 |     1 |       ||    14
       Leather armour    |       |     5 |    18 ||    23
Dodge: Dodged            |   117 |    88 |   209 ||   414
